 Dungeon Sprint DCSS version 0.31-a0-37-g98a128e1d9 (webtiles) character file.

Game seed: 331871661400302478

6 sircluck the Ruffian (level 3, -6/39 HPs)
             Began as a Troll Berserker on May 15, 2023.
             Was a Priest of Trog.
             Mangled by Eustachio
             ... wielding a +4 falchion of holy wrath
              (15 damage)
             ... in the Dungeon (Sprint VI: "Thunderdome").
             The game lasted 00:01:30 (245 turns).

sircluck the Ruffian (Troll Berserker)               Turns: 245, Time: 00:01:31

Health: -6/39      AC:  4    Str: 27    XL:     3   Next: 83%
Magic:  2/2        EV: 10    Int:  3    God:    Trog [***...]
Gold:   210        SH:  0    Dex:  9    Spells: 2/2 levels left

rFire   . .          .
                       - Unarmed
rCold   . . .        (no shield)
rNeg    . . .        a - +0 animal skin
rPois   .            (helmet restricted)
rElec   .            (no cloak)
rCorr   .            (gloves unavailable)
SInv    .            (boots unavailable)
Will    .....        (no amulet)
Stlth   +            (no ring)
HPRegen 1.06/turn    (no ring)
MPRegen 0.08/turn

%: no teleportation
@: no status effects
A: large, unfitting armour, claws 3, regeneration 1, shaggy fur 1, tough skin 1
a: Renounce Religion, Berserk, Trog's Hand


You were in the Dungeon.
You worshipped Trog.
Trog was most pleased with you.
You visited 1 branch You collected 210 gold pieces.

Inventory:

Armour
 a - a +0 animal skin (worn)
Wands
 i - a wand of quicksilver (5)
 j - a wand of iceblast (5)
Scrolls
 g - 3 scrolls of blinking
 k - 3 scrolls of fog
Potions
 b - a potion of curing
 c - 4 potions of heal wounds
 d - 4 potions of haste
 e - 2 potions of magic
 f - a potion of berserk rage
 h - a potion of resistance


   Skills:
 + Level 4.2 Fighting
 + Level 4.3 Dodging
 + Level 5.3 Unarmed Combat


You had 2 spell levels left.
You didn't know any spells.
Your spell library was empty.

Dungeon Overview and Level Annotations

Branches:
Dungeon (1/1)

Altars:
Cheibriados
Dithmenos
Fedhas
Gozag
Kikubaaqudgha
Makhleb
Okawaru
Qazlal
Ru
Sif Muna
Trog
Uskayaw
Vehumet
Wu Jian
Xom
Yredelemnul
Zin
The Shining One
Lugonu

Shops:
D *[??*?*:[((!!!!

Annotations:
D Eustachio


Innate Abilities, Weirdness & Mutations

You are too large for most types of armour.
You have claws for hands.
Your natural rate of healing is unusually fast.
You are covered in fur. (AC +1)
You have tough skin. (AC +1)


Message History

The white imp is severely wounded.
The iron imp completely misses you. The white imp closely misses you.
The iron imp hits you but does no damage.
You claw the white imp!
You kill the white imp!
Trog accepts your kill.
The iron imp hits you but does no damage.
Unknown command.
You claw the iron imp!
The iron imp is severely wounded.
The iron imp misses you.
Blink to where?
Press: ? - help, Q - select action, (/) - cycle Dir - move target
As you read the scroll of blinking, it crumbles to dust.
Eustachio hits you with a +4 falchion of holy wrath.
The river rat misses you. The quokka closely misses you.
You claw Eustachio!
Eustachio is moderately wounded.
The bat hits you but does no damage. Eustachio barely misses you.
The bat hits you but does no damage.
The river rat bites you but does no damage.
The quokka bites you but does no damage.
You closely miss Eustachio.
Eustachio is moderately wounded.
The bat barely misses you. Eustachio closely misses you. The quokka bites you.
The river rat bites you. The bat hits you but does no damage.
You miss Eustachio.
Eustachio is moderately wounded.
Eustachio hits you with a +4 falchion of holy wrath!
* * * LOW HITPOINT WARNING * * *
The quokka closely misses you. The river rat closely misses you.
The bat misses you.
You scratch Eustachio. Your claw misses Eustachio.
Eustachio is heavily wounded. 20...
The bat hits you but does no damage. The bat barely misses you. x2
The quokka bites you.
* * * LOW HITPOINT WARNING * * *
Eustachio hits you with a +4 falchion of holy wrath!
You die...

##.....## ##∩...÷.∩##
#∩.......∩# #_......._#
#_†......_# #_......._#
###.........### #⌠..5bb......⌠#
######.8.r@......8.######
##..__....r@###......__.∩##
###∩........85# #.8........∩##
##............5###.............
#⌠..........###5..###..........
#⌠..........# #.<.# #..........
#⌠..........###...###..........
##.............###.............
###∩........8.# #.8........∩##


You could see Eustachio, 2 iron imps, a river rat (summoned), 2 ufetubi, a
quokka (summoned) and 2 bats.

Vanquished Creatures
  A crimson imp (D)
  A river rat (D)
  A white imp (D)
  An ufetubus (D)
  4 quokkas (D)
8 creatures vanquished.

Notes
Turn   | Place    | Note
-------+----------+-------------------------------------------
     0 | D        | sircluck the Troll Berserker began the quest for the Orb.
     0 | D        | Reached XP level 1. HP: 22/22 MP: 0/0
     1 | D        | Found a shadowy altar of Dithmenos.
     1 | D        | Found a shimmering blue altar of Sif Muna.
     2 | D        | Found an iron altar of Okawaru.
     3 | D        | Found a radiant altar of Vehumet.
     3 | D        | Found a sacrificial altar of Ru.
     4 | D        | Found a blossoming altar of Fedhas.
     4 | D        | Found a glowing golden altar of the Shining One.
     4 | D        | Found Ryeptof's Staff Store.
     4 | D        | Found Palokije's Magic Scroll Shop.
     5 | D        | Found Meamiam's Must-Have Magic.
     5 | D        | Found Temuem's Magic Scroll Shop.
     5 | D        | Round 1.
    25 | D        | Found a burning altar of Makhleb.
    29 | D        | Found a basalt altar of Yredelemnul.
    29 | D        | Found Apnocrim's Jewellery.
    30 | D        | Found Utzaheni's Advanced Armour.
    31 | D        | Found an ancient bone altar of Kikubaaqudgha.
    31 | D        | Found a stormy altar of Qazlal.
    31 | D        | Found Nouxt's Identification Station.
    48 | D        | Found an opulent altar of Gozag.
    50 | D        | Found a snail-covered altar of Cheibriados.
    50 | D        | Found an ornate altar of the Wu Jian Council.
    50 | D        | Found Puloalal's Premium Goods.
    50 | D        | Found Qyiluapn's Miscellaneous Merchandise.
    51 | D        | Found Nenymiax's Basic Armour.
    57 | D        | Found Hiom's Weapon Rack.
    57 | D        | Found a hide-covered altar of Uskayaw.
    57 | D        | Found a corrupted altar of Lugonu.
    70 | D        | Found a glowing silver altar of Zin.
    72 | D        | Found a bloodstained altar of Trog.
    72 | D        | Found a shimmering altar of Xom.
    72 | D        | Found Feint's Do-It-Yourself Clinic.
    72 | D        | Found Weunipo's Bottled Wisdom.
    73 | D        | Found Hunleani's Distillery.
    79 | D        | Found Loiw's Distillery.
    87 | D        | Reached XP level 2. HP: 19/31 MP: 1/1
   123 | D        | Reached ** piety under Trog
   139 | D        | Reached skill level 4 in Unarmed Combat
   167 | D        | Arena points: 6 (+6) [x1]
   182 | D        | Round 2.
   204 | D        | Noticed a crimson imp
   218 | D        | Noticed Eustachio
   220 | D        | Noticed a crimson imp
   232 | D        | Killed a crimson imp
   232 | D        | Reached *** piety under Trog
   233 | D        | Reached skill level 5 in Unarmed Combat
   233 | D        | Reached XP level 3. HP: 25/39 MP: 2/2
   245 | D        | Mangled by Eustachio

Illustrated notes

Levels and vault maps discovered:
D:        arena_sprint

Skill      XL: |  1  2 |
---------------+-------+-----
Fighting       | 3 4 |  4.2
Dodging        | 3 4 |  4.3
Unarmed Combat | 5 |  5.3

Action                     || total
---------------------------++-------
  Melee: Unarmed           ||    47
    Use: Scroll            ||     1
 Armour: Animal skin       ||    21
  Dodge: Dodged            ||    55

Table legend: (Time is in decaauts)
 A = Elapsed time spent in this place.
 B = Non-inter-level travel time spent in this place.
 C = Inter-level travel time spent in this place.
 D = Time resting spent in this place.
 E = Time spent auto-exploring this place.
 F = Levels seen in this place.
 G = Mean time per level.
                   A        B        C        D        E       F      G
               +--------+--------+--------+--------+--------+-----+--------+
         Total |    241 |    241 |      0 |     12 |     80 |   1 |  241.0 |
       Dungeon |    241 |    241 |      0 |     12 |     80 |   1 |  241.0 |
               +--------+--------+--------+--------+--------+-----+--------+

Top non-repeatable levels by time:
       D: 241 daAuts
